 Dungeon Crawl Stone Soup version 0.24-a0-226-gca05e9d (webtiles) character file.

Game seed: 12934838159793846805

53 Azzok the Firebug (level 3, -2/21 HPs)
             Began as an Octopode Fire Elementalist on Mar 31, 2019.
             Slain by a worm (11 damage)
             ... on level 2 of the Dungeon.
             The game lasted 00:01:37 (1287 turns).

Azzok the Firebug (Octopode Fire Elementalist)      Turns: 1287, Time: 00:01:37

Health: -2/21      AC:  1    Str:  7    XL:     3   Next: 87%
Magic:  1/7        EV: 13    Int: 18    God:
Gold:   42         SH:  0    Dex: 12    Spells: 3/7 levels left

rFire    . . .     SeeInvis .   (no weapon)
rCold    . . .     Gourm    .   (no shield)
rNeg     . . .     Faith    .   (helmet restricted)
rPois    .         Spirit   .   (no amulet)
rElec    .         Reflect  .   (no ring)
rCorr    .         Harm     .   (no ring)
MR       .....                  (no ring)
Stlth    +++.......             (no ring)
HPRegen  0.07/turn              (no ring)
MPRegen  0.10/turn              (no ring)
                                (no ring)
                                (no ring)

@: very slightly contaminated
A: almost no armour, stealthy swim, amphibious, 8 rings, constrict 8, camouflage
1, gelatinous body 1
a: no special abilities


You were on level 2 of the Dungeon.
You were not hungry.

You visited 1 branch of the dungeon, and saw 2 of its levels.

You collected 42 gold pieces.

Inventory:

Scrolls
 c - 2 scrolls of teleportation {unknown}
 d - a scroll of blinking {unknown}
 e - a scroll of random uselessness {unknown}
Potions
 a - a potion of degeneration {unknown}
Comestibles
 b - 2 rations
 f - a chunk of flesh


   Skills:
 - Level 2.0 Dodging
 - Level 2.6 Stealth
 + Level 2.7 Spellcasting
 + Level 2.1 Conjurations
 + Level 3.6 Fire Magic


You had 3 spell levels left.
You knew the following spells:

 Your Spells              Type           Power        Failure   Level  Hunger
a - Flame Tongue          Conj/Fire      ##...        5%          1    #......
b - Conjure Flame         Conj/Fire      ##......     16%         3    ###....

Your spell library contained the following spells:

 Spells                   Type           Power        Failure   Level  Hunger
 Throw Flame              Conj/Fire      ##....       8%          2    ##.....
 Inner Flame              Hex/Fire       #.......     24%         3    ###....
 Sticky Flame             Conj/Fire      ##......     45%         4    #####..
 Fireball                 Conj/Fire      ##........   82%         5    ######.


Dungeon Overview and Level Annotations

Branches:
Dungeon (2/15)

Altars:


Innate Abilities, Weirdness & Mutations

You cannot wear most types of armour.
You are very stealthy in the water. (Stealth+)
You are amphibious.
You can wear up to eight rings at the same time.
You can use your tentacles to constrict eight enemies at once.
Your skin changes colour to match your surroundings (Stealth+).
Your rubbery body absorbs attacks. (AC +1, EV +1)


Message History

* * * LOW MAGIC WARNING * * *
The worm bites you!
Casting: Flame Tongue (safe; 5% risk of failure)
Confirm with . or Enter, or press ? or * to list all spells.
You don't have enough magic to cast that spell.
You tentacle-slap the worm but do no damage.
You grab the worm.
The worm is severely wounded.
You constrict the worm.
You tentacle-slap the worm but do no damage.
The worm is severely wounded.
You constrict the worm. The worm bites you.
You tentacle-slap the worm.
The worm is almost dead.
You constrict the worm.
You tentacle-slap the worm but do no damage.
The worm is almost dead.
You constrict the worm. The worm bites you!
Ouch! That really hurt!
You die...

▒▒▒▒▒▒▒▒▒▒▒
▒·▒·········▒
▒·▒·········▒
············▒
▒··········▒
▒·····w···▒
▒·····@···▒
▒·········▒
▒·········▒
▒·········▒
▒·········▒
···
▒▒)▒▒▒▒▒▒▒▒
··· ▒▒·▒ ··▒
▒··▒ ▒▒▒·▒
▒·▒▒


You could see a worm.

Vanquished Creatures
  2 adders (D:2)
  2 oozes (D:1)
  A leopard gecko (D:1)
  3 bats (D:1)
  3 hobgoblins
  6 jackals (D:1)
  A kobold (D:1)
  2 frilled lizards (D:2)
  2 goblins (D:1)
  2 rats (D:1)
24 creatures vanquished.

Notes
Turn   | Place    | Note
-------+----------+-------------------------------------------
     0 | D:1      | Azzok the Octopode Fire Elementalist began the quest for
                  | the Orb.
     0 | D:1      | Reached XP level 1. HP: 11/11 MP: 3/3
   342 | D:1      | Reached XP level 2. HP: 17/17 MP: 1/5
   764 | D:1      | Reached XP level 3. HP: 21/21 MP: 3/6
   769 | D:1      | Learned a level 3 spell: Conjure Flame
  1287 | D:2      | Slain by a worm

Levels and vault maps discovered:
D:1:      lightli_arrival_noodles, layout_rooms
D:2:      layout_rooms, lemuel_round_altar

Skill      XL: |  1  2  3 |
---------------+----------+-----
Conjurations   | 2 |  2.1
Dodging        | |  2.0
Stealth        | |  2.6
Spellcasting   | |  2.7
Fire Magic     | |  3.6

Action                   || total
-------------------------++-------
Melee: Unarmed           ||    20
       Tentacles         ||     5
       Constrict         ||     6
 Cast: Flame Tongue      ||    39
 Stab: Sleeping          ||     3
  Eat: Chunk             ||     1
Armor: Skin              ||     4
Dodge: Dodged            ||    11

Table legend:
 A = Non-vault XP
 B = Vault XP
 C = Vault XP percentage of total XP
 D = Non-vault monster count
 E = Vault monster count
 F = Vault count percentage of total count
                 A         B        C        D         E       F
            +---------+---------+-------+---------+---------+-------
      Total |      76 |       0 |   0.0 |      24 |       0 |   0.0
            +---------+---------+-------+---------+---------+-------
        D:1 |      43 |       0 |   0.0 |      18 |       0 |   0.0
        D:2 |      33 |       0 |   0.0 |       6 |       0 |   0.0
            +---------+---------+-------+---------+---------+-------
